[Event "7th Leer Open-A 2024"]
[Site "Leer"]
[Date "2024.10.31"]
[Round "1.1"]
[White "Kopylov, Michael"]
[Black "Schumann, Steffen"]
[Result "1-0"]
[ECO "E62"]
[WhiteElo "2340"]
[BlackElo "1981"]
[Annotator "RC"]
[PlyCount "69"]
[EventDate "2024.10.14"]
[EventType "swiss"]
[EventCountry "GER"]
[SourceTitle "playchess.com"]
[Source "ChessBase"]
[SourceQuality "1"]
[TimeControl "40/5400+30:900+30"]

1. d4 Nf6 2. c4 g6 3. g3 Bg7 4. Bg2 O-O 5. Nc3 d6 6. Nf3 Nc6 7. O-O e5 8. d5 Ne7 9. c5 Bg4 10. cxd6 cxd6 11. Qb3 Bxf3 12. Bxf3 Qd7 13. e4 Rab8 14. Be3 b5 15. Rac1 Rfc8 16. Qb4 a6 17. Qa5 Qb7 18. a3 Nd7 19. Na2 f5 20. Nb4 fxe4 21. Bg4 Rc4 22. Nc6 Rxc6 23. dxc6 Nxc6 24. Rxc6 Qxc6 25. Rc1 Nc5 26. b4 Bf8 27. bxc5 dxc5 28. Qc3 c4 29. Rd1 h5 30. Bh3 Qf6 31. Rd7 Re8 32. Qd2 Bxa3 33. Qd5+ Kh8 34. Bg5 Qf8 35. Be6 1-0

[Event "7th Leer Open-A 2024"]
[Site "Leer"]
[Date "2024.10.31"]
[Round "1.2"]
[White "Goldmann, David"]
[Black "Kopylov, Daniel"]
[Result "0-1"]
[ECO "B50"]
[WhiteElo "1969"]
[BlackElo "2369"]
[Annotator "RC"]
[PlyCount "74"]
[EventDate "2024.10.14"]
[EventType "swiss"]
[EventCountry "GER"]
[SourceTitle "playchess.com"]
[Source "ChessBase"]
[SourceQuality "1"]
[TimeControl "40/5400+30:900+30"]

1. e4 c5 2. Nf3 Nc6 3. Nc3 d6 4. Bc4 Nf6 5. d3 Bg4 6. h3 Bh5 7. Nd5 Nxd5 8. Bxd5 e6 9. Bb3 d5 10. exd5 exd5 11. Qe2+ Be7 12. g4 Bg6 13. Bg5 O-O 14. Bxe7 Qxe7 15. Qxe7 Nxe7 16. O-O b5 17. Rfe1 Rfe8 18. Ne5 c4 19. dxc4 dxc4 20. Nxc4 bxc4 21. Ba4 Kf8 22. Bxe8 Rxe8 23. c3 Rc8 24. Re5 Bd3 25. b3 Ng6 26. Ra5 Rc7 27. Re1 Nf4 28. Re3 g6 29. bxc4 Bxc4 30. Ree5 Nxh3+ 31. Kg2 Nf4+ 32. Kg3 Ne6 33. f4 f6 34. Re4 Kf7 35. Re3 a6 36. Ra4 h6 37. Rb4 Bxa2 0-1

[Event "7th Leer Open-A 2024"]
[Site "Leer"]
[Date "2024.10.31"]
[Round "1.3"]
[White "Van Osch, Mees"]
[Black "Jonnek, Thomas"]
[Result "1-0"]
[ECO "B11"]
[WhiteElo "2362"]
[BlackElo "2012"]
[Annotator "RC"]
[PlyCount "81"]
[EventDate "2024.10.14"]
[EventType "swiss"]
[EventCountry "GER"]
[SourceTitle "playchess.com"]
[Source "ChessBase"]
[SourceQuality "1"]
[TimeControl "40/5400+30:900+30"]

1. e4 c6 2. Nc3 d5 3. Nf3 dxe4 4. Nxe4 Nf6 5. Qe2 Bg4 6. h3 Bxf3 7. Nxf6+ gxf6 8. Qxf3 Qd5 9. Be2 Nd7 10. O-O Qxf3 11. Bxf3 Bh6 12. a4 a5 13. Bh5 O-O 14. f4 f5 15. d3 Rfd8 16. g3 e6 17. Be2 Bf8 18. Be3 Bc5 19. d4 Bb6 20. Rad1 Nf6 21. Bf3 Rd7 22. c3 Ne4 23. g4 Rad8 24. Rde1 Re8 25. Bxe4 fxe4 26. g5 Rd5 27. Bf2 Rf5 28. Rxe4 h6 29. h4 hxg5 30. fxg5 Kg7 31. Bg3 Rxf1+ 32. Kxf1 Kg6 33. Rf4 Bd8 34. Kg2 f6 35. gxf6 Bxf6 36. Re4 Rg8 37. Rg4+ Kf7 38. Rxg8 Kxg8 39. h5 Bg5 40. Bc7 Bc1 41. b3 1-0

[Event "7th Leer Open-A 2024"]
[Site "Leer"]
[Date "2024.10.31"]
[Round "1.4"]
[White "Lau, Udo"]
[Black "Nedic, Dusan"]
[Result "0-1"]
[ECO "E61"]
[WhiteElo "2010"]
[BlackElo "2339"]
[Annotator "RC"]
[PlyCount "72"]
[EventDate "2024.10.14"]
[EventType "swiss"]
[EventCountry "GER"]
[SourceTitle "playchess.com"]
[Source "ChessBase"]
[SourceQuality "1"]
[TimeControl "40/5400+30:900+30"]

1. d4 Nf6 2. Nf3 g6 3. c4 Bg7 4. Nc3 O-O 5. Bg5 h6 6. Bh4 c5 7. e3 cxd4 8. exd4 d6 9. Be2 Nc6 10. d5 Nb8 11. O-O Nbd7 12. Rc1 g5 13. Bg3 Nh5 14. Nd4 Nxg3 15. hxg3 Ne5 16. g4 Qb6 17. Nf5 Bxf5 18. gxf5 Qxb2 19. Rc2 Qb6 20. Ne4 Rac8 21. Kh1 Nd7 22. Bd3 Qd4 23. Qe2 Rc7 24. Rd1 Rfc8 25. Nd2 Nc5 26. Nb3 Qh4+ 27. Kg1 Nxd3 28. Rxd3 Rxc4 29. Rcd2 Be5 30. g3 Qh3 31. Qf3 b6 32. Rd1 Kg7 33. Nd2 Ra4 34. a3 Rc2 35. Nf1 Ra2 36. Ne3 Rf4 0-1

[Event "7th Leer Open-A 2024"]
[Site "Leer"]
[Date "2024.10.31"]
[Round "1.5"]
[White "Lammers, Markus"]
[Black "Kort, Felix"]
[Result "1-0"]
[ECO "E14"]
[WhiteElo "2312"]
[BlackElo "2005"]
[Annotator "RC"]
[PlyCount "55"]
[EventDate "2024.10.14"]
[EventType "swiss"]
[EventCountry "GER"]
[SourceTitle "playchess.com"]
[Source "ChessBase"]
[SourceQuality "1"]
[TimeControl "40/5400+30:900+30"]

1. d4 Nf6 2. Nf3 e6 3. e3 b6 4. Bd3 Bb7 5. O-O d5 6. c4 Bd6 7. Nc3 O-O 8. Qc2 Nbd7 9. cxd5 exd5 10. Nb5 Qe7 11. b3 Rfe8 12. Bb2 c5 13. Rac1 Bb8 14. dxc5 bxc5 15. Bxf6 Qxf6 16. Bxh7+ Kh8 17. Qf5 Qh6 18. Qxd7 Bc6 19. Qxf7 Bxb5 20. Rxc5 Bxh2+ 21. Nxh2 Rf8 22. Qxd5 Bxf1 23. Qd1 Rad8 24. Qg4 Rxf2 25. Kxf2 Rd2+ 26. Kxf1 Qf6+ 27. Nf3 Qa1+ 28. Ne1 1-0

[Event "7th Leer Open-A 2024"]
[Site "Leer"]
[Date "2024.10.31"]
[Round "1.6"]
[White "Budzyn, Matthias"]
[Black "Tschernatsch, Johannes"]
[Result "0-1"]
[ECO "B02"]
[WhiteElo "1986"]
[BlackElo "2319"]
[Annotator "RC"]
[PlyCount "113"]
[EventDate "2024.10.14"]
[EventType "swiss"]
[EventCountry "GER"]
[SourceTitle "playchess.com"]
[Source "ChessBase"]
[SourceQuality "1"]
[TimeControl "40/5400+30:900+30"]

1. e4 c5 2. c3 Nf6 3. e5 Nd5 4. Nf3 d6 5. d4 cxd4 6. exd6 e6 7. cxd4 Bxd6 8. Nc3 O-O 9. Nxd5 exd5 10. Be2 Nc6 11. O-O Bf5 12. a3 Re8 13. Be3 Qb6 14. Bd3 Be4 15. Bxe4 Rxe4 16. Ng5 Re7 17. Qd3 g6 18. b4 a6 19. Nf3 Qb5 20. Qd2 a5 21. Bf4 Re2 22. Qc1 Bf8 23. bxa5 Nxa5 24. Ne5 Nc4 25. Ng4 Bg7 26. Rb1 Qc6 27. Qd1 Re4 28. Nh6+ Kf8 29. Bc1 b6 30. Qf3 Qf6 31. Ng4 Qxf3 32. gxf3 Rxd4 33. Ne3 Rd3 34. Rb5 Nxe3 35. Bxe3 d4 36. Bf4 Rxf3 37. Bd6+ Kg8 38. Rxb6 d3 39. Rd1 Bd4 40. Rb3 Rxf2 41. Rbxd3 Bb6 42. Kh1 h5 43. Bg3 Ra2 44. Bd6 Bd8 45. Bb4 Bc7 46. R1d2 Rxd2 47. Rxd2 Be5 48. Kg2 Kg7 49. Ra2 Ra4 50. Re2 Kf6 51. Kf3 Kf5 52. h4 Ra8 53. Rd2 f6 54. Ra2 Ra4 55. Rc2 g5 56. hxg5 fxg5 57. Rc5 0-1

[Event "7th Leer Open-A 2024"]
[Site "Leer"]
[Date "2024.10.31"]
[Round "1.7"]
[White "Bracker, Frank"]
[Black "Schnelting, Michael"]
[Result "1-0"]
[ECO "A55"]
[WhiteElo "2297"]
[BlackElo "2003"]
[Annotator "RC"]
[PlyCount "79"]
[EventDate "2024.10.14"]
[EventType "swiss"]
[EventCountry "GER"]
[SourceTitle "playchess.com"]
[Source "ChessBase"]
[SourceQuality "1"]
[TimeControl "40/5400+30:900+30"]

1. Nf3 Nf6 2. c4 d6 3. d4 Nbd7 4. Nc3 c6 5. e4 e5 6. Be2 Be7 7. O-O O-O 8. Qc2 a6 9. Rd1 Qc7 10. a4 a5 11. h3 exd4 12. Nxd4 Nc5 13. Bf4 Re8 14. Nb3 Nfd7 15. Bg3 Nxb3 16. Qxb3 Nc5 17. Qc2 Be6 18. b3 Rad8 19. Rab1 Qb6 20. Bf3 g6 21. Bf4 Rd7 22. g4 Qd8 23. Kg2 Bf6 24. Ne2 Be5 25. Be3 Na6 26. Nd4 Nb4 27. Qd2 d5 28. exd5 cxd5 29. Nxe6 fxe6 30. Bc5 Qf6 31. Bxb4 axb4 32. cxd5 Red8 33. Qxb4 exd5 34. Rd3 Kh8 35. Re1 h5 36. Rde3 Bd6 37. Qd2 d4 38. Re6 Qg7 39. Qd3 g5 40. Rg6 1-0

[Event "7th Leer Open-A 2024"]
[Site "Leer"]
[Date "2024.10.31"]
[Round "1.8"]
[White "Freitag, Christian"]
[Black "Hoeffer, David"]
[Result "0-1"]
[ECO "C44"]
[WhiteElo "2000"]
[BlackElo "2304"]
[Annotator "RC"]
[PlyCount "38"]
[EventDate "2024.10.14"]
[EventType "swiss"]
[EventCountry "GER"]
[SourceTitle "playchess.com"]
[Source "ChessBase"]
[SourceQuality "1"]
[TimeControl "40/5400+30:900+30"]

1. e4 Nc6 2. Nf3 e5 3. c3 f5 4. d4 fxe4 5. Nxe5 Nf6 6. Bg5 d6 7. Qa4 dxe5 8. dxe5 Qd5 9. exf6 Qxg5 10. Qxe4+ Qe5 11. Qxe5+ Nxe5 12. fxg7 Bxg7 13. Be2 Bf5 14. O-O O-O-O 15. h3 Bd3 16. Re1 Bxe2 17. Rxe2 Rd1+ 18. Kh2 Nc4 19. b3 Na3 0-1

[Event "7th Leer Open-A 2024"]
[Site "Leer"]
[Date "2024.10.31"]
[Round "1.9"]
[White "Nechitaylo, Nikita"]
[Black "Langedijk, Ardjan"]
[Result "1-0"]
[ECO "D37"]
[WhiteElo "2289"]
[BlackElo "2000"]
[Annotator "RC"]
[PlyCount "103"]
[EventDate "2024.10.14"]
[EventType "swiss"]
[EventCountry "GER"]
[SourceTitle "playchess.com"]
[Source "ChessBase"]
[SourceQuality "1"]
[TimeControl "40/5400+30:900+30"]

1. d4 d5 2. c4 e6 3. Nc3 a6 4. cxd5 exd5 5. Nf3 Nf6 6. Bg5 Be6 7. e3 Nbd7 8. Bd3 h6 9. Bf4 g5 10. Be5 g4 11. Bxf6 Qxf6 12. Nd2 c5 13. dxc5 Nxc5 14. Nb3 Rd8 15. Nd4 h5 16. Bc2 Bg7 17. Qe2 Rc8 18. O-O-O Ne4 19. Bxe4 dxe4 20. Qc2 O-O 21. Kb1 Rfe8 22. Nxe4 Qe5 23. Nc3 b5 24. a3 Qc5 25. Nxe6 Rxe6 26. Rd5 Qc4 27. Rhd1 b4 28. Rd8+ Re8 29. Rxe8+ Rxe8 30. Nd5 Qxc2+ 31. Kxc2 bxa3 32. bxa3 Rc8+ 33. Kd3 Rb8 34. a4 Rb2 35. Rd2 Rb3+ 36. Kc4 Ra3 37. Kb4 Ra1 38. Ka5 Be5 39. f4 gxf3 40. gxf3 Kf8 41. f4 Bd6 42. e4 f6 43. Re2 h4 44. e5 fxe5 45. fxe5 Be7 46. Re4 h3 47. Kxa6 Ra2 48. e6 Rxh2 49. Rf4+ Ke8 50. Rf7 Bh4 51. Rh7 Rd2 52. Rh8# 1-0

[Event "7th Leer Open-A 2024"]
[Site "Leer"]
[Date "2024.10.31"]
[Round "1.10"]
[White "Wolf, Pablo"]
[Black "Schulze, Lara"]
[Result "0-1"]
[ECO "C26"]
[WhiteElo "2000"]
[BlackElo "2275"]
[Annotator "RC"]
[PlyCount "30"]
[EventDate "2024.10.14"]
[EventType "swiss"]
[EventCountry "GER"]
[SourceTitle "playchess.com"]
[Source "ChessBase"]
[SourceQuality "1"]
[TimeControl "40/5400+30:900+30"]

1. e4 e5 2. Nc3 Nf6 3. Nge2 Bc5 4. h3 c6 5. d4 exd4 6. Nxd4 O-O 7. Be3 Re8 8. Nxc6 Nxc6 9. Bxc5 d5 10. Bb5 Nxe4 11. Be3 Nxc3 12. bxc3 Qa5 13. Bxc6 Qxc3+ 14. Kf1 bxc6 15. Rb1 Bf5 0-1

[Event "7th Leer Open-A 2024"]
[Site "Leer"]
[Date "2024.10.31"]
[Round "1.11"]
[White "Ngo, Quang Thai"]
[Black "Noennig, Jakob"]
[Result "1-0"]
[ECO "D37"]
[WhiteElo "2195"]
[BlackElo "1986"]
[Annotator "RC"]
[PlyCount "77"]
[EventDate "2024.10.14"]
[EventType "swiss"]
[EventCountry "GER"]
[SourceTitle "playchess.com"]
[Source "ChessBase"]
[SourceQuality "1"]
[TimeControl "40/5400+30:900+30"]

1. c4 e6 2. d4 d5 3. Nf3 Nf6 4. Nc3 Be7 5. Bf4 O-O 6. e3 b6 7. Bd3 dxc4 8. Bxc4 Bb7 9. O-O Nbd7 10. Qe2 Nh5 11. Be5 Nxe5 12. dxe5 g6 13. Rfd1 Qc8 14. Bb5 c6 15. Bd3 Qc7 16. Ba6 Rfd8 17. Bxb7 Qxb7 18. Qc4 b5 19. Qe4 Qb6 20. g4 Ng7 21. Qf4 Rxd1+ 22. Rxd1 Rd8 23. Rc1 Rd7 24. Ne4 Ne8 25. h4 c5 26. h5 Qd8 27. Kg2 c4 28. Rh1 Bf8 29. hxg6 fxg6 30. Nfg5 Qb6 31. Nxh7 Bg7 32. Nhf6+ Bxf6 33. Nxf6+ Nxf6 34. Qxf6 Rg7 35. Rd1 Qb7+ 36. Kg3 Qe7 37. Rd8+ Kh7 38. Rb8 a6 39. Qf3 1-0

[Event "7th Leer Open-A 2024"]
[Site "Leer"]
[Date "2024.10.31"]
[Round "1.12"]
[White "Heutling, Elina"]
[Black "Gutman, Lev"]
[Result "0-1"]
[ECO "B95"]
[WhiteElo "1983"]
[BlackElo "2264"]
[Annotator "RC"]
[PlyCount "54"]
[EventDate "2024.10.14"]
[EventType "swiss"]
[EventCountry "GER"]
[SourceTitle "playchess.com"]
[Source "ChessBase"]
[SourceQuality "1"]
[TimeControl "40/5400+30:900+30"]

1. e4 c5 2. Nf3 d6 3. d4 cxd4 4. Nxd4 Nf6 5. Nc3 a6 6. Bg5 e6 7. Qe2 Qc7 8. Bxf6 gxf6 9. O-O-O Nc6 10. f4 Bd7 11. Kb1 O-O-O 12. Nf3 Kb8 13. f5 Ne5 14. Nxe5 dxe5 15. Qh5 Bb4 16. Qxf7 Bxc3 17. bxc3 exf5 18. Qxf6 Bc6 19. Bd3 Rhf8 20. Qh4 Qb6+ 21. Ka1 Qc5 22. exf5 Qxc3+ 23. Kb1 Rd4 24. Qe7 Re8 25. Qxh7 e4 26. Be2 Rb4+ 27. Kc1 e3 0-1

[Event "7th Leer Open-A 2024"]
[Site "Leer"]
[Date "2024.10.31"]
[Round "1.13"]
[White "de Voogt, Juergen"]
[Black "Roth, Thorsten"]
[Result "1-0"]
[ECO "A47"]
[WhiteElo "2245"]
[BlackElo "1980"]
[Annotator "RC"]
[PlyCount "55"]
[EventDate "2024.10.14"]
[EventType "swiss"]
[EventCountry "GER"]
[SourceTitle "playchess.com"]
[Source "ChessBase"]
[SourceQuality "1"]
[TimeControl "40/5400+30:900+30"]

1. d4 d5 2. Nf3 Nf6 3. e3 e6 4. Bd3 b6 5. Qe2 Bb7 6. O-O Bd6 7. b3 O-O 8. Ne5 c5 9. Bb2 Nc6 10. a3 Rc8 11. Nd2 Ne7 12. f3 Qc7 13. g4 Ng6 14. g5 Bxe5 15. dxe5 Nd7 16. f4 Rfd8 17. Qg4 Ndf8 18. h4 b5 19. b4 d4 20. bxc5 dxe3 21. Ne4 Bxe4 22. Bxe4 Qxc5 23. Rae1 Rd2 24. h5 Ne7 25. Kh1 Nf5 26. Bc1 Qd4 27. Bd3 Rf2 28. Kg1 1-0

[Event "7th Leer Open-A 2024"]
[Site "Leer"]
[Date "2024.10.31"]
[Round "1.14"]
[White "Herzwurm, Robert"]
[Black "Wagner, Benjamin"]
[Result "1-0"]
[ECO "C52"]
[WhiteElo "1955"]
[BlackElo "2217"]
[Annotator "RC"]
[PlyCount "69"]
[EventDate "2024.10.14"]
[EventType "swiss"]
[EventCountry "GER"]
[SourceTitle "playchess.com"]
[Source "ChessBase"]
[SourceQuality "1"]
[TimeControl "40/5400+30:900+30"]

1. e4 e5 2. Nf3 Nc6 3. Bc4 Bc5 4. b4 Bxb4 5. c3 Ba5 6. d4 exd4 7. O-O Nge7 8. Ng5 d5 9. exd5 Ne5 10. Qxd4 f6 11. Re1 Bb6 12. Qh4 Bf5 13. Ba3 Qd7 14. Nd2 N7g6 15. Qg3 O-O-O 16. Ngf3 Rhe8 17. Nd4 Bxd4 18. cxd4 Nxc4 19. Nxc4 Qxd5 20. Rec1 Kb8 21. Ne3 Qa5 22. Nxf5 Qxf5 23. Qxc7+ Ka8 24. Rab1 Qe4 25. g3 h5 26. Rb5 h4 27. d5 Rb8 28. Ra5 a6 29. Bc5 Qe2 30. Qb6 Qe1+ 31. Rxe1 Rxe1+ 32. Kg2 h3+ 33. Kxh3 Rh8+ 34. Kg2 Kb8 35. Bd6+ 1-0

[Event "7th Leer Open-A 2024"]
[Site "Leer"]
[Date "2024.10.31"]
[Round "1.15"]
[White "Popvasilev, Kaloyan"]
[Black "Mueller-Ludwig, Kristin"]
[Result "0-1"]
[ECO "C00"]
[WhiteElo "2237"]
[BlackElo "1971"]
[Annotator "RC"]
[PlyCount "58"]
[EventDate "2024.10.14"]
[EventType "swiss"]
[EventCountry "GER"]
[SourceTitle "playchess.com"]
[Source "ChessBase"]
[SourceQuality "1"]
[TimeControl "40/5400+30:900+30"]

1. e4 e6 2. d3 d5 3. Qe2 Be7 4. Nf3 Nf6 5. g3 O-O 6. Bg2 c5 7. O-O Nc6 8. e5 Nd7 9. c4 Nb6 10. h4 Rb8 11. Bf4 a6 12. Rd1 Qd7 13. Nbd2 Rd8 14. b3 a5 15. Nf1 Qe8 16. Ne3 Ra8 17. Ng4 a4 18. h5 h6 19. Qe3 Nb4 20. Bxh6 gxh6 21. Nxh6+ Kg7 22. Ng5 Kxh6 23. Nxf7+ Kg7 24. h6+ Kxf7 25. Qf4+ Kg6 26. Be4+ dxe4 27. Kg2 Qf7 28. Qg4+ Kh7 29. dxe4 axb3 0-1

[Event "7th Leer Open-A 2024"]
[Site "Leer"]
[Date "2024.10.31"]
[Round "1.16"]
[White "Hans, Julian"]
[Black "Hintze, Helge"]
[Result "0-1"]
[ECO "C01"]
[WhiteElo "1969"]
[BlackElo "2230"]
[Annotator "RC"]
[PlyCount "38"]
[EventDate "2024.10.14"]
[EventType "swiss"]
[EventCountry "GER"]
[SourceTitle "playchess.com"]
[Source "ChessBase"]
[SourceQuality "1"]
[TimeControl "40/5400+30:900+30"]

1. e4 e6 2. d4 d5 3. Bd3 dxe4 4. Bxe4 Nf6 5. Bf3 c5 6. Ne2 Nc6 7. Be3 cxd4 8. Nxd4 Ne5 9. Nc3 Bb4 10. Ndb5 Qa5 11. a3 Qxb5 12. axb4 Qxb4 13. O-O Bd7 14. Na2 Qxb2 15. Bc5 Nxf3+ 16. Qxf3 Bc6 17. Qf4 Nd5 18. Qg3 Qf6 19. Rfe1 Nf4 0-1

[Event "7th Leer Open-A 2024"]
[Site "Leer"]
[Date "2024.10.31"]
[Round "1.17"]
[White "Hansch, Karsten"]
[Black "Kirschbaum, Gunnar"]
[Result "1/2-1/2"]
[ECO "C41"]
[WhiteElo "2209"]
[BlackElo "1965"]
[Annotator "RC"]
[PlyCount "84"]
[EventDate "2024.10.14"]
[EventType "swiss"]
[EventCountry "GER"]
[SourceTitle "playchess.com"]
[Source "ChessBase"]
[SourceQuality "1"]
[TimeControl "40/5400+30:900+30"]

1. e4 d6 2. d4 Nf6 3. Nc3 e5 4. Nf3 Nbd7 5. Rg1 c6 6. g4 Qa5 7. Bd2 Qb6 8. g5 Nh5 9. Bd3 Qxb2 10. Rb1 Qa3 11. dxe5 dxe5 12. Nxe5 Nxe5 13. Qxh5 Be6 14. f4 Nxd3+ 15. cxd3 O-O-O 16. Qe2 Bb4 17. Rc1 g6 18. Kf2 Kb8 19. Rc2 Qa6 20. Rb1 Bc5+ 21. Be3 Bxe3+ 22. Kxe3 h6 23. Rcb2 Bc8 24. d4 Qxe2+ 25. Nxe2 hxg5 26. fxg5 Rxh2 27. Nf4 Rxb2 28. Rxb2 Rh8 29. Rf2 Rh1 30. Nd3 Rh3+ 31. Kd2 Be6 32. a4 Rg3 33. Ne5 Rxg5 34. Nxf7 Bxf7 35. Rxf7 Ra5 36. e5 Kc8 37. e6 Kd8 38. Rxb7 Rxa4 39. Kd3 Ra1 40. Rg7 a5 41. Kc4 Rc1+ 42. Kb3 Re1 1/2-1/2

[Event "7th Leer Open-A 2024"]
[Site "Leer"]
[Date "2024.10.31"]
[Round "1.18"]
[White "Bundan, Edward"]
[Black "Weidemann, Jakob"]
[Result "0-1"]
[ECO "B85"]
[WhiteElo "1952"]
[BlackElo "2217"]
[Annotator "RC"]
[PlyCount "102"]
[EventDate "2024.10.14"]
[EventType "swiss"]
[EventCountry "GER"]
[SourceTitle "playchess.com"]
[Source "ChessBase"]
[SourceQuality "1"]
[TimeControl "40/5400+30:900+30"]

1. e4 c5 2. Nf3 e6 3. d4 cxd4 4. Nxd4 Nf6 5. Nc3 Nc6 6. a3 Qc7 7. Be3 a6 8. Be2 Be7 9. O-O d6 10. f4 O-O 11. Kh1 Bd7 12. Bf3 Rac8 13. Nb3 b5 14. g4 Be8 15. g5 Nd7 16. Bg2 Nc5 17. Nxc5 dxc5 18. Qg4 Nd4 19. Rac1 Bc6 20. Ne2 Rfd8 21. Ng3 Qb7 22. c3 Nb3 23. Rcd1 Na5 24. f5 Nc4 25. Bc1 Ne5 26. Qf4 Nd3 27. Qe3 c4 28. b4 Nxc1 29. Rxc1 Rd3 30. Qf4 Bd6 31. Qg4 Bxg3 32. fxe6 Bd6 33. Rxf7 Be7 34. g6 h6 35. Qf5 Rf8 36. Rf1 Rdd8 37. Qe5 Rxf7 38. gxf7+ Kh8 39. Qf5 Bf8 40. Qg6 Qe7 41. Bh3 Qg5 42. Qxg5 hxg5 43. Bf5 g6 44. Bxg6 Kg7 45. Bf5 Rd3 46. Rg1 Rxc3 47. Rxg5+ Kf6 48. Rg8 Ke7 49. h4 Re3 50. h5 Bxe4+ 51. Bxe4 Rxe4 0-1

[Event "7th Leer Open-A 2024"]
[Site "Leer"]
[Date "2024.10.31"]
[Round "1.19"]
[White "Keyser, Robin"]
[Black "Thomas, Jeremy"]
[Result "1-0"]
[ECO "D78"]
[WhiteElo "2225"]
[BlackElo "1948"]
[Annotator "RC"]
[PlyCount "67"]
[EventDate "2024.10.14"]
[EventType "swiss"]
[EventCountry "GER"]
[SourceTitle "playchess.com"]
[Source "ChessBase"]
[SourceQuality "1"]
[TimeControl "40/5400+30:900+30"]

1. d4 Nf6 2. c4 g6 3. Nf3 Bg7 4. g3 O-O 5. Bg2 c6 6. O-O d5 7. Qb3 dxc4 8. Qxc4 Nbd7 9. Nc3 Nb6 10. Qd3 Nbd5 11. e4 Nb4 12. Qe2 b6 13. Rd1 Ba6 14. Qd2 Nd3 15. Bf1 Nb4 16. Bxa6 Nxa6 17. Qe2 Nc7 18. Ne5 Qd6 19. Qc4 c5 20. Bf4 Qe6 21. dxc5 Qxc4 22. Nxc4 b5 23. Na5 b4 24. Nd5 Nfxd5 25. exd5 Na6 26. Nc6 Rfe8 27. d6 Nxc5 28. d7 Red8 29. Nxd8 Rxd8 30. Rac1 Rxd7 31. Rxd7 Nxd7 32. Rc8+ Nf8 33. b3 f5 34. Bd2 1-0

[Event "7th Leer Open-A 2024"]
[Site "Leer"]
[Date "2024.10.31"]
[Round "1.20"]
[White "Meyer, Thorsten"]
[Black "Ritscher, Jan-Paul"]
[Result "0-1"]
[ECO "B03"]
[WhiteElo "2295"]
[BlackElo "2208"]
[Annotator "RC"]
[PlyCount "62"]
[EventDate "2024.10.14"]
[EventType "swiss"]
[EventCountry "GER"]
[SourceTitle "playchess.com"]
[Source "ChessBase"]
[SourceQuality "1"]
[TimeControl "40/5400+30:900+30"]

1. e4 Nf6 2. e5 Nd5 3. d4 d6 4. exd6 exd6 5. Nf3 Be7 6. c3 O-O 7. Bd3 Bg4 8. O-O c5 9. Be2 Nc6 10. Na3 Bf6 11. Nc2 Bh5 12. Ne3 Nf4 13. dxc5 dxc5 14. g4 Nxe2+ 15. Qxe2 Bg6 16. Rd1 Qe7 17. Qf1 Rad8 18. Re1 Qc7 19. Qh3 Rfe8 20. g5 Be5 21. Nc4 Bf4 22. Be3 Bxe3 23. Rxe3 Qf4 24. Rae1 Rxe3 25. Nxe3 Be4 26. Nh4 Qxg5+ 27. Qg3 h6 28. Nhg2 Ne5 29. Rd1 Rxd1+ 30. Nxd1 Nf3+ 31. Kf1 Bd3# 0-1

[Event "7th Leer Open-A 2024"]
[Site "Leer"]
[Date "2024.10.31"]
[Round "1.21"]
[White "De Boer, Bas"]
[Black "Piepenhagen, Eric"]
[Result "1/2-1/2"]
[ECO "E18"]
[WhiteElo "2174"]
[BlackElo "1901"]
[Annotator "RC"]
[PlyCount "53"]
[EventDate "2024.10.14"]
[EventType "swiss"]
[EventCountry "GER"]
[SourceTitle "playchess.com"]
[Source "ChessBase"]
[SourceQuality "1"]
[TimeControl "40/5400+30:900+30"]

1. d4 d5 2. c4 e6 3. Nf3 Be7 4. g3 Nf6 5. Bg2 b6 6. O-O O-O 7. Nc3 Bb7 8. cxd5 Nxd5 9. Qc2 Nd7 10. e4 Nxc3 11. bxc3 c5 12. Rd1 cxd4 13. cxd4 Rc8 14. Qe2 Nf6 15. Ne1 Qc7 16. Bb2 Qc4 17. Nd3 Ba6 18. Qe3 Qa4 19. Ne1 Bb4 20. Qb3 Qa5 21. Nc2 Bd2 22. Ba3 Bc4 23. Qf3 Rfe8 24. Bd6 Bc3 25. Rac1 Bd2 26. Ra1 Bc3 27. Rac1 1/2-1/2

[Event "7th Leer Open-A 2024"]
[Site "Leer"]
[Date "2024.10.31"]
[Round "1.22"]
[White "Cordes, Jule"]
[Black "Spiric, Igor"]
[Result "0-1"]
[ECO "A67"]
[WhiteElo "1945"]
[BlackElo "2171"]
[Annotator "RC"]
[PlyCount "56"]
[EventDate "2024.10.14"]
[EventType "swiss"]
[EventCountry "GER"]
[SourceTitle "playchess.com"]
[Source "ChessBase"]
[SourceQuality "1"]
[TimeControl "40/5400+30:900+30"]

1. d4 Nf6 2. c4 c5 3. d5 e6 4. Nc3 exd5 5. cxd5 d6 6. e4 g6 7. f4 Bg7 8. Bb5+ Nfd7 9. a4 Na6 10. Nf3 O-O 11. O-O Nb4 12. Re1 a6 13. Bc4 Nb6 14. Bf1 Bg4 15. Be3 Bxf3 16. gxf3 Nd7 17. Qd2 Qh4 18. Bf2 Qh5 19. Be2 Bh6 20. Bg3 c4 21. Bxc4 Ne5 22. Be2 Nxf3+ 23. Bxf3 Qxf3 24. Rad1 f5 25. Re3 Qg4 26. Ne2 a5 27. Kh1 fxe4 28. Rxe4 Qf3+ 0-1

[Event "7th Leer Open-A 2024"]
[Site "Leer"]
[Date "2024.10.31"]
[Round "1.24"]
[White "Lehmann, Edwin"]
[Black "Boehme, Arne"]
[Result "0-1"]
[ECO "A03"]
[WhiteElo "1942"]
[BlackElo "2137"]
[Annotator "RC"]
[PlyCount "92"]
[EventDate "2024.10.14"]
[EventType "swiss"]
[EventCountry "GER"]
[SourceTitle "playchess.com"]
[Source "ChessBase"]
[SourceQuality "1"]
[TimeControl "40/5400+30:900+30"]

1. f4 d5 2. Nf3 g6 3. d4 Bg7 4. e3 Nh6 5. Bd3 c5 6. c3 Qc7 7. Qe2 O-O 8. O-O Bf5 9. Nbd2 cxd4 10. exd4 Bxd3 11. Qxd3 Nd7 12. Ne5 Nb6 13. Qh3 Qd6 14. Ndf3 f6 15. Nd3 Qd7 16. Qxd7 Nxd7 17. Bd2 Nf5 18. Rae1 Kf7 19. Re2 h5 20. Rfe1 Rfe8 21. Be3 e6 22. Bf2 Bf8 23. Nc5 Bxc5 24. dxc5 Rac8 25. b4 b6 26. cxb6 axb6 27. Nd4 Nxd4 28. Bxd4 b5 29. Kf2 Rc6 30. h3 Ke7 31. g4 hxg4 32. hxg4 Kd6 33. Ra1 e5 34. a4 bxa4 35. Rxa4 Rb8 36. fxe5+ fxe5 37. Bc5+ Nxc5 38. bxc5+ Ke6 39. Ra5 Rbc8 40. Re3 Rxc5 41. Ra3 e4 42. Ke2 Ke5 43. Rg3 Kf4 44. Kf2 d4 45. Rg1 Rxc3 46. Rxc3 Rxc3 0-1

[Event "7th Leer Open-A 2024"]
[Site "Leer"]
[Date "2024.10.31"]
[Round "1.25"]
[White "Kaeding, Rainer"]
[Black "Bauer, Timon"]
[Result "1-0"]
[ECO "A53"]
[WhiteElo "2155"]
[BlackElo "1938"]
[Annotator "RC"]
[PlyCount "91"]
[EventDate "2024.10.14"]
[EventType "swiss"]
[EventCountry "GER"]
[SourceTitle "playchess.com"]
[Source "ChessBase"]
[SourceQuality "1"]
[TimeControl "40/5400+30:900+30"]

1. c4 Nf6 2. g3 e5 3. Bg2 c6 4. d4 d6 5. Nc3 Be7 6. e4 Qb6 7. Nge2 Nbd7 8. O-O h5 9. h3 O-O 10. b3 Re8 11. Be3 Qc7 12. Qd2 exd4 13. Nxd4 Bf8 14. Rad1 Nc5 15. f3 d5 16. Bf4 Bd6 17. Bxd6 Qxd6 18. Nde2 Qe7 19. cxd5 cxd5 20. Nxd5 Nxd5 21. Qxd5 g6 22. Qd6 Qxd6 23. Rxd6 Be6 24. Rfd1 a5 25. Nf4 Rac8 26. Bf1 Kg7 27. h4 Rc7 28. Kf2 Rec8 29. Ke3 Kf8 30. Nxe6+ Nxe6 31. Bc4 Ke7 32. Bxe6 fxe6 33. Rb6 Kf7 34. Kf4 Re7 35. Rb5 a4 36. bxa4 Rc4 37. Rdb1 Rxa4 38. Rxb7 Rxa2 39. Rxe7+ Kxe7 40. Rb7+ Kf8 41. Rb6 Kf7 42. Rb7+ Kf8 43. Kg5 Rg2 44. Kf6 Kg8 45. Rg7+ Kh8 46. Rxg6 1-0